 Dungeon Crawl Stone Soup version 0.26.1-11-gd32895ea62 (webtiles) character file.

Game seed: 6883671444063322808

1408 Exodus22XD the Cleaver (level 8, -1/105 HPs)
             Began as a Hill Orc Monk on Apr 30, 2021.
             Was a Believer of Beogh.
             Succumbed to a gnoll sergeant zombie's poison
             ... on level 6 of the Dungeon.
             The game lasted 00:10:28 (7909 turns).

Exodus22XD the Cleaver (Hill Orc Monk)              Turns: 7909, Time: 00:10:29

Health: -1/105     AC:  7    Str: 15 (16) XL:     8   Next: 70%
Magic:  4/9        EV: 11    Int:  9 (10) God:    Beogh [**....]
Gold:   223        SH:  0    Dex: 12 (13) Spells: 7/7 levels left

rFire    + . .     SeeInvis +   n - +0 war axe
rCold    . . .     Faith    .   (no shield)
rNeg     . . .     Spirit   +   r - +0 ring mail
rPois    .         Reflect  .   (no helmet)
rElec    .         Harm     .   (no cloak)
rCorr    .         Rampage  .   (no gloves)
Will     .....                  y - +0 pair of boots
Stlth    ..........             f - amulet of guardian spirit
HPRegen  0.27/turn              o - ring of protection from fire
MPRegen  0.11/turn              q - ring of see invisible

@: berserking (expiring), lethally poisoned (-1 -> -55), very quick
A: no striking features
a: Renounce Religion, Smiting


You were on level 6 of the Dungeon.
You worshipped Beogh.
Beogh was pleased with you.
You visited 1 branch of the dungeon, and saw 8 of its levels.

You collected 223 gold pieces.

Inventory:

Hand Weapons
 n - a +0 war axe (weapon)
Armour
 p - a +0 tower shield
 r - a +0 ring mail (worn)
 y - a +0 pair of boots (worn)
Jewellery
 f - an amulet of guardian spirit (around neck)
 o - a ring of protection from fire (left hand)
 q - a ring of see invisible (right hand)
Scrolls
 a - 4 scrolls of enchant armour
 c - 2 scrolls of magic mapping {unknown}
 d - 4 scrolls of remove curse
 e - 5 scrolls of enchant weapon
 g - 2 scrolls of amnesia {unknown}
 i - 2 scrolls of blinking {unknown}
 k - 2 scrolls of fear {unknown}
 l - 2 scrolls of noise {unknown}
 u - 4 scrolls of fog {unknown}
 v - a scroll of random uselessness {unknown}
 x - a scroll of identify
Potions
 b - 5 potions of attraction
 h - 2 potions of haste
 j - 2 potions of might
 m - a potion of invisibility
 s - 3 potions of heal wounds
 w - 2 potions of resistance
 A - a potion of lignification {unknown}


   Skills:
 + Level 5.7 Fighting
 + Level 9.1 Axes
 * Level 6.7 Armour
 - Level 2.4 Dodging
 - Level 1.5 Stealth
 * Level 3.5 Shields
 * Level 1.7 Invocations


You had 7 spell levels left.
You didn't know any spells.
Your spell library contained the following spells:

 Spells                   Type           Power        Failure   Level
 Animate Skeleton         Necr           0%           58%         1
 Pain                     Necr           0%           58%         1
 Vampiric Draining        Necr           0%           91%         3
 Animate Dead             Necr           0%           100%        4
 Agony                    Necr           0%           100%        5


Dungeon Overview and Level Annotations

Branches:
Dungeon (8/15)             Temple (0/1) D:6
   Lair: D:8-11

Altars:
Dithmenos
Elyvilon
Fedhas
Kikubaaqudgha
Nemelex Xobeh
Okawaru
Ru
Sif Muna
Vehumet
Wu Jian
Xom
Yredelemnul
Zin

Shops:
D:6 }

Annotations:
D:4 1 runed translucent door, Quickbrownfox's ghost, amateur MiFi
D:6 1 transporter, 1 runed translucent door, Richi's ghost, novice GrEE
D:8 Harold


Message History

* * * LOW HITPOINT WARNING * * *
You feel very sick.
You slash the gnoll sergeant zombie!
The gnoll sergeant zombie is moderately damaged.
* * * LOW HITPOINT WARNING * * *
You feel very sick.
The gnoll sergeant zombie closely misses you.
You completely miss the gnoll sergeant zombie.
The gnoll sergeant zombie is moderately damaged.
* * * LOW HITPOINT WARNING * * *
You feel very sick.
You slash the gnoll sergeant zombie!
The gnoll sergeant zombie is heavily damaged.
* * * LOW HITPOINT WARNING * * *
You feel very sick.
The gnoll sergeant zombie hits you with a +1 trident of venom.
You are more poisoned.
You completely miss the gnoll sergeant zombie.
The gnoll sergeant zombie is heavily damaged.
You die...

### #...# #....#
#..######### #...#
#.©..# #.>#.......#
#...#
###########.#.......#
#...# #☼.°°°°○#
#.#........ #####
#°☼°°○☼°# #.........#
#○°#©#°○#####.......#
#○☼...°°##..........#
#☼☼#.#☼○##.........[#
#○°)@.°○##..........#
####○Z☼####..........#
#○°°°°°.☼°#....).(...#
#○○☼°○○°°○#.##########
#°.°....○°#.#
#°○°$!$○°○#.#
#○○°$©?°○○#.#
###########.#
##.o......#


You could see a gnoll sergeant zombie.

Vanquished Creatures
  An ice beast (D:5)
  A necrophage (D:3)
  3 ogres
  2 phantoms (D:4)
  2 bullfrogs
  A scorpion (D:5)
  A howler monkey (D:5)
  5 hounds
  Terence (D:3)
  An orc wizard (D:4)
  A worker ant (D:8)
  An ogre zombie (D:6)
  A hound zombie (D:5)
  2 hound skeletons (D:5)
  A worker ant zombie (D:5)
  3 gnolls (D:4)
  A howler monkey skeleton (D:5)
  An orc zombie (D:6)
  11 adders
  A white imp (D:7)
  An ufetubus (D:6)
  2 oozes
  3 adder skeletons
  6 worms
  2 dart slugs
  4 leopard geckos
  10 orcs
  8 bats
  3 giant cockroaches
  4 goblins
  4 hobgoblins
  7 jackals
  6 kobolds
  7 quokkas
  A ball python (D:5)
  5 frilled lizards
  A quokka skeleton (D:5)
  A quokka zombie (D:6)
  4 rats
120 creatures vanquished.

Vanquished Creatures (others)
  4 plants (D:6)
4 creatures vanquished.

Grand Total: 124 creatures vanquished

Notes
Turn   | Place    | Note
-------+----------+-------------------------------------------
     0 | D:1      | Exodus22XD the Hill Orc Monk began the quest for the Orb.
     0 | D:1      | Reached XP level 1. HP: 19/19 MP: 1/1
   351 | D:1      | Reached XP level 2. HP: 27/27 MP: 2/2
  1161 | D:2      | Reached skill level 1 in Armour
  1201 | D:2      | HP: 1/27 [poisoned by an adder]
  1202 | D:2      | Reached XP level 3. HP: 2/33 MP: 3/3
  1921 | D:2      | Reached skill level 5 in Axes
  2196 | D:3      | Reached XP level 4. HP: 39/40 MP: 4/4
  2376 | D:3      | Noticed a necrophage
  2387 | D:3      | Killed a necrophage
  2388 | D:3      | Reached skill level 6 in Axes
  2388 | D:3      | Reached XP level 5. HP: 37/47 MP: 3/5
  2499 | D:3      | Found an ornate altar of the Wu Jian Council.
  2672 | D:3      | Found a white marble altar of Elyvilon.
  2796 | D:3      | Noticed Terence
  2810 | D:3      | Killed Terence
  3172 | D:3      | Reached XP level 6. HP: 38/53 MP: 3/6
  3636 | D:4      | Reached skill level 1 in Shields
  3706 | D:4      | Reached skill level 7 in Axes
  3936 | D:4      | Noticed a phantom
  3964 | D:4      | Killed a phantom
  4173 | D:4      | Reached XP level 7. HP: 35/60 MP: 4/7
  4317 | D:4      | Found a runed translucent door.
  4319 | D:4      | Noticed Quickbrownfox's ghost (amateur MiFi)
  4344 | D:4      | Reached skill level 5 in Fighting
  4518 | D:4      | Found a radiant altar of Vehumet.
  4518 | D:4      | Found a shadowy altar of Dithmenos.
  4979 | D:4      | Found a sacrificial altar of Ru.
  5248 | D:5      | Entered Level 5 of the Dungeon
  5252 | D:5      | Found a shimmering altar of Xom.
  5252 | D:5      | Found an iron altar of Okawaru.
  5253 | D:5      | Found a shimmering blue altar of Sif Muna.
  5254 | D:5      | Found a glowing silver altar of Zin.
  5255 | D:5      | Found a basalt altar of Yredelemnul.
  5255 | D:5      | Found a white marble altar of Elyvilon.
  5284 | D:5      | Reached skill level 5 in Armour
  5337 | D:5      | Reached skill level 8 in Axes
  5347 | D:5      | Reached XP level 8. HP: 15/68 MP: 3/8
  5667 | D:5      | Found an ancient bone altar of Kikubaaqudgha.
  6582 | D:6      | Found a sparkling altar of Nemelex Xobeh.
  6602 | D:6      | Became a worshipper of Beogh the Brigand
  6602 | D:6      | Reached * piety under Beogh
  6602 | D:6      | Reached ** piety under Beogh
  6863 | D:6      | Found Vori's Gadget Shoppe.
  6915 | D:6      | Found a transporter.
  6984 | D:6      | Found a staircase to the Ecumenical Temple.
  7061 | D:6      | Found a transporter.
  7066 | D:6      | Got a coiled silver ring
  7074 | D:6      | Identified the ring "Qaise" {Wiz Str+3} (You found it on
                  | level 6 of the Dungeon)
  7152 | D:6      | Found a blossoming altar of Fedhas.
  7154 | D:6      | You fall into a shaft and drop 2 floors!
  7189 | D:8      | Noticed Harold
  7369 | D:7      | Reached skill level 1 in Invocations
  7563 | D:7      | Reached skill level 9 in Axes
  7717 | D:6      | Found a runed translucent door.
  7719 | D:6      | Noticed Richi's ghost (novice GrEE)
  7907 | D:6      | HP: 5/105 [poisoned by a gnoll sergeant zombie]
  7908 | D:6      | HP: 2/105 [poisoned by a gnoll sergeant zombie]
  7909 | D:6      | Succumbed to a gnoll sergeant zombie's poison

Illustrated notes

Levels and vault maps discovered:
D:1:      erik_arrival_cave_to_civilisation [erik_arrival_cave_to_hall],
          layout_loops_ring, minmay_strange_pillars
D:2:      layout_loops_cross
D:3:      layout_loops_corners, pdpol_wu_jian_five_deadly_venoms,
          elyvilon_altar_5, uniq_terence
D:4:      layout_loops_corners, overflow_temple_1_default,
          chequers_temple_overflow_statue_of_worship, ebering_ghost_sewer_d
D:5:      layout_basic, grunt_temple_overflow_open, old_standard_altar,
          chequers_serial_rivers_marsh
D:6:      gammafunk_cloud_chamber, layout_basic, fedhas_ov_isle_minmay,
          minmay_temple_entry_poolview, serial_shops, shop,
          ebering_ghost_reflecting_pool, nemelex_xobeh_ov_fountains_minmay
D:7:      layout_basic, serial_shops, shop, hex_intersection, uniq_duvessa,
          uniq_menkaure
D:8:      layout_cave_pools, uniq_harold

Skill      XL: |  1  2  3  4  5  6  7  8 |
---------------+-------------------------+-----
Armour         | 1 2 3 4 5 6 |  6.7
Fighting       | 4 5 |  5.7
Axes           | 5 6 7 8 9 |  9.1
Shields        | 1 2 3 |  3.5
Invocations    | 1 |  1.7
Dodging        | |  2.4
Stealth        | |  1.5

Action                   |  1- 3 |  4- 6 |  7- 9 || total
-------------------------+-------+-------+-------++-------
Melee: Hand axe          |    86 |       |       ||    86
       War axe           |    29 |   148 |   242 ||   419
Invok: Convert to Beogh  |       |       |     1 ||     1
  Use: Potion            |     2 |       |     3 ||     5
       Scroll            |       |     5 |     3 ||     8
 Stab: Sleeping          |     4 |     1 |       ||     5
Armor: Leather armour    |    27 |    15 |       ||    42
       Ring mail         |       |    40 |    71 ||   111
Dodge: Dodged            |    66 |   104 |   153 ||   323
